[ AOE2 MATCH · #506193396 ]
UnrankedMongols vs Chinese
Player's team · LOSS
Rival team · WIN
[ REPLAY ANALYSIS · EXTRACTED FROM THE RECORDED GAME ]
Feudal
8:26
Castle
—
Imperial
—
| APM avg | 58.4 |
| APM peak | 88 |
| eAPM avg | 21.4 |
| Villagers / military | 58 / 33 |
Focus
⚔️ 47.0% · 🌾 53.0%
Skirmisher ×21 · Scout Cavalry ×5 · Militia ×4 · Archer ×2 · Spearman ×1
Feudal
8:47
Castle
24:08
Imperial
—
| APM avg | 74.6 |
| APM peak | 131 |
| eAPM avg | 31.3 |
| Villagers / military | 53 / 35 |
Focus
⚔️ 44.8% · 🌾 55.2%
Archer ×18 · Skirmisher ×13 · Knight ×2 · Scout Cavalry ×2
Match map
Initial resources + every placement click. Lines = walls · curves = elevation contours. ◆ gold · ⬟ stone · ● berries · ✦ relic · ◌ wall gap
Your base· Open — unwalled flank
wisenatic's base· Open — 10t gap
Smoothed initial terrain · ◌ = detected wall gap · hover for details
Inputs per minute
— Fs.Jubileu - - wisenatic
Build order — Fs.Jubileu
First 150 of 164 actions detected
| 0:01 | Create | Villager (Male) |
| 0:01 | Create | Villager (Male) |
| 0:02 | Build | House |
| 0:03 | Build | House |
| 0:15 | Create | Villager (Male) |
| 0:16 | Create | Villager (Male) |
| 0:16 | Create | Villager (Male) |
| 1:21 | Create | Villager (Male) |
| 1:21 | Create | Villager (Male) |
| 2:04 | Build | Lumber Camp |
| 2:06 | Create | Villager (Male) |
| 2:21 | Create | Villager (Male) |
| 2:21 | Create | Villager (Male) |
| 2:37 | Create | Villager (Male) |
| 2:37 | Create | Villager (Male) |
| 2:58 | Create | Villager (Male) |
| 2:58 | Create | Villager (Male) |
| 3:25 | Create | Villager (Male) |
| 3:25 | Create | Villager (Male) |
| 3:26 | Create | Villager (Male) |
| 3:30 | Build | House |
| 3:54 | Create | Villager (Male) |
| 3:54 | Create | Villager (Male) |
| 4:20 | Build | Barracks |
| 4:24 | Create | Villager (Male) |
| 4:24 | Create | Villager (Male) |
| 4:54 | Create | Villager (Male) |
| 5:07 | Research | Loom |
| 5:13 | Build | House |
| 6:10 | Research | Feudal Age |
| 6:28 | Create | Militia |
| 6:29 | Create | Militia |
| 6:41 | Create | Militia |
| 7:02 | Create | Militia |
| 8:26 | Age | Feudal Age |
| 8:34 | Build | Archery Range |
| 8:38 | Research | Man-at-Arms (upgrade) |
| 8:39 | Research | Double-Bit Axe |
| 9:10 | Create | Villager (Male) |
| 9:21 | Create | Skirmisher |
| 9:25 | Build | Watch Tower |
| 9:26 | Create | Villager (Male) |
| 9:31 | Build | Mill |
| 9:44 | Build | House |
| 10:02 | Create | Villager (Male) |
| 10:15 | Create | Skirmisher |
| 10:27 | Build | Palisade Wall |
| 10:27 | Build | Palisade Wall |
| 10:28 | Build | Palisade Wall |
| 10:29 | Build | Palisade Wall |
| 10:30 | Build | Mining Camp |
| 10:46 | Create | Villager (Male) |
| 10:48 | Create | Archer |
| 11:23 | Create | Villager (Male) |
| 11:26 | Build | Farm |
| 11:26 | Build | Farm |
| 11:27 | Build | Farm |
| 11:27 | Build | Farm |
| 11:27 | Build | Farm |
| 11:27 | Build | Farm |
| 11:31 | Build | House |
| 11:40 | Create | Skirmisher |
| 11:45 | Build | House |
| 11:48 | Build | Palisade Wall |
| 12:28 | Create | Skirmisher |
| 12:28 | Create | Villager (Male) |
| 12:29 | Create | Villager (Male) |
| 12:48 | Create | Villager (Male) |
| 12:50 | Build | Farm |
| 13:05 | Create | Skirmisher |
| 13:11 | Create | Villager (Male) |
| 13:24 | Build | Palisade Wall |
| 13:42 | Create | Villager (Male) |
| 13:49 | Build | Blacksmith |
| 13:54 | Build | Palisade Wall |
| 14:10 | Build | House |
| 14:14 | Create | Villager (Male) |
| 14:33 | Create | Skirmisher |
| 14:40 | Build | Watch Tower |
| 14:45 | Create | Skirmisher |
| 15:00 | Create | Villager (Male) |
| 15:05 | Research | Fletching |
| 15:20 | Create | Skirmisher |
| 15:29 | Build | Farm |
| 15:30 | Create | Villager (Male) |
| 15:31 | Create | Villager (Male) |
| 15:56 | Create | Skirmisher |
| 16:12 | Create | Villager (Male) |
| 16:16 | Create | Villager (Male) |
| 16:20 | Build | Farm |
| 16:42 | Create | Skirmisher |
| 16:43 | Create | Skirmisher |
| 16:52 | Create | Villager (Male) |
| 16:55 | Build | House |
| 17:03 | Create | Skirmisher |
| 17:09 | Build | Farm |
| 17:15 | Build | Palisade Wall |
| 17:15 | Build | Palisade Wall |
| 17:16 | Build | Palisade Wall |
| 17:16 | Build | Palisade Wall |
| 17:24 | Research | Padded Archer Armor |
| 17:40 | Build | Farm |
| 17:52 | Build | Watch Tower |
| 17:58 | Create | Villager (Male) |
| 18:04 | Create | Skirmisher |
| 18:11 | Create | Villager (Male) |
| 18:21 | Build | Stable |
| 18:24 | Create | Skirmisher |
| 18:26 | Create | Villager (Male) |
| 18:28 | Build | Farm |
| 18:30 | Build | Farm |
| 18:32 | Build | Farm |
| 18:46 | Create | Villager (Male) |
| 18:47 | Create | Skirmisher |
| 18:50 | Build | House |
| 18:51 | Build | House |
| 18:56 | Build | Palisade Wall |
| 19:03 | Build | House |
| 19:05 | Create | Scout Cavalry |
| 19:13 | Create | Villager (Male) |
| 19:19 | Build | Farm |
| 19:24 | Create | Villager (Male) |
| 19:35 | Create | Scout Cavalry |
| 19:45 | Build | Farm |
| 19:58 | Create | Skirmisher |
| 20:03 | Create | Villager (Male) |
| 20:17 | Create | Skirmisher |
| 20:24 | Create | Villager (Male) |
| 20:32 | Create | Skirmisher |
| 20:37 | Build | Watch Tower |
| 20:50 | Create | Villager (Male) |
| 20:51 | Create | Scout Cavalry |
| 20:53 | Create | Skirmisher |
| 21:07 | Build | Farm |
| 21:11 | Create | Villager (Male) |
| 21:26 | Create | Spearman |
| 21:37 | Build | Palisade Wall |
| 21:38 | Build | Palisade Wall |
| 21:38 | Build | Palisade Wall |
| 21:38 | Build | Palisade Wall |
| 21:45 | Create | Villager (Male) |
| 21:47 | Create | Villager (Male) |
| 21:48 | Build | Mining Camp |
| 21:50 | Build | Farm |
| 22:04 | Create | Archer |
| 22:05 | Create | Scout Cavalry |
| 22:07 | Create | Skirmisher |
| 22:33 | Create | Villager (Male) |
| 22:46 | Create | Scout Cavalry |
| 22:48 | Create | Skirmisher |
Build order — wisenatic
First 150 of 160 actions detected
| 0:00 | Research | Loom |
| 0:42 | Create | Villager (Male) |
| 1:08 | Create | Villager (Male) |
| 1:33 | Create | Villager (Male) |
| 1:34 | Create | Villager (Male) |
| 2:02 | Create | Villager (Male) |
| 2:02 | Create | Villager (Male) |
| 2:26 | Create | Villager (Male) |
| 2:26 | Create | Villager (Male) |
| 2:51 | Create | Villager (Male) |
| 2:53 | Build | Lumber Camp |
| 3:07 | Build | Lumber Camp |
| 3:14 | Create | Villager (Male) |
| 3:15 | Create | Villager (Male) |
| 3:15 | Create | Villager (Male) |
| 3:32 | Build | House |
| 3:42 | Create | Villager (Male) |
| 3:42 | Create | Villager (Male) |
| 4:15 | Create | Villager (Male) |
| 4:41 | Create | Villager (Male) |
| 4:55 | Create | Villager (Male) |
| 5:33 | Build | Mining Camp |
| 5:43 | Build | House |
| 6:10 | Create | Villager (Male) |
| 6:30 | Research | Feudal Age |
| 6:30 | Research | Feudal Age |
| 7:39 | Build | Barracks |
| 8:04 | Build | Mill |
| 8:32 | Create | Villager (Male) |
| 8:47 | Age | Feudal Age |
| 8:52 | Build | Palisade Wall |
| 8:53 | Build | Palisade Wall |
| 8:55 | Build | Palisade Wall |
| 8:57 | Create | Villager (Male) |
| 9:06 | Build | Palisade Gate |
| 9:07 | Create | Villager (Male) |
| 9:15 | Create | Villager (Male) |
| 9:19 | Create | Villager (Male) |
| 9:23 | Build | Archery Range |
| 9:25 | Build | House |
| 9:28 | Research | Double-Bit Axe |
| 9:28 | Research | Double-Bit Axe |
| 9:36 | Build | House |
| 9:41 | Build | Palisade Wall |
| 9:47 | Build | Palisade Wall |
| 9:49 | Build | Palisade Wall |
| 9:55 | Build | Palisade Wall |
| 10:05 | Build | Palisade Wall |
| 10:07 | Build | Palisade Wall |
| 10:11 | Build | Palisade Wall |
| 10:12 | Build | Palisade Wall |
| 10:13 | Create | Archer |
| 10:13 | Create | Archer |
| 10:17 | Build | Palisade Wall |
| 10:45 | Build | House |
| 10:47 | Create | Skirmisher |
| 10:49 | Create | Villager (Male) |
| 10:52 | Build | Mining Camp |
| 11:02 | Build | Palisade Wall |
| 11:06 | Build | Palisade Wall |
| 11:12 | Create | Villager (Male) |
| 11:13 | Create | Skirmisher |
| 11:34 | Research | Horse Collar |
| 11:34 | Research | Horse Collar |
| 11:36 | Create | Skirmisher |
| 11:52 | Create | Villager (Male) |
| 12:03 | Build | Market |
| 12:15 | Create | Skirmisher |
| 12:22 | Build | Farm |
| 12:24 | Build | Farm |
| 12:26 | Build | Farm |
| 12:37 | Build | Farm |
| 12:40 | Create | Villager (Male) |
| 12:40 | Create | Villager (Male) |
| 12:56 | Build | House |
| 13:09 | Build | Farm |
| 13:10 | Create | Villager (Male) |
| 13:24 | Create | Villager (Male) |
| 13:24 | Create | Villager (Male) |
| 13:29 | Create | Villager (Male) |
| 13:31 | Build | Farm |
| 13:32 | Build | Farm |
| 13:36 | Create | Skirmisher |
| 14:02 | Build | Blacksmith |
| 14:17 | Create | Skirmisher |
| 14:20 | Build | House |
| 14:28 | Create | Archer |
| 14:33 | Create | Villager (Male) |
| 14:40 | Research | Fletching |
| 14:47 | Create | Villager (Male) |
| 14:49 | Build | Palisade Wall |
| 15:04 | Build | Archery Range |
| 15:15 | Create | Archer |
| 15:22 | Build | House |
| 15:28 | Create | Villager (Male) |
| 15:34 | Create | Skirmisher |
| 15:50 | Create | Villager (Male) |
| 15:54 | Create | Villager (Male) |
| 15:58 | Create | Skirmisher |
| 15:59 | Create | Skirmisher |
| 16:20 | Create | Skirmisher |
| 16:20 | Create | Skirmisher |
| 16:23 | Create | Villager (Male) |
| 16:38 | Create | Villager (Male) |
| 17:02 | Create | Villager (Male) |
| 17:02 | Create | Villager (Male) |
| 17:03 | Create | Skirmisher |
| 17:04 | Create | Skirmisher |
| 17:09 | Build | Farm |
| 17:30 | Create | Villager (Male) |
| 17:39 | Build | Lumber Camp |
| 17:51 | Build | House |
| 18:09 | Create | Villager (Male) |
| 18:16 | Create | Archer |
| 18:17 | Create | Archer |
| 18:17 | Create | Archer |
| 18:17 | Create | Archer |
| 18:21 | Build | House |
| 18:38 | Build | House |
| 18:40 | Create | Villager (Male) |
| 18:42 | Build | Farm |
| 18:45 | Build | Farm |
| 18:46 | Build | Farm |
| 18:58 | Build | House |
| 19:15 | Build | House |
| 19:33 | Build | Stable |
| 19:43 | Create | Archer |
| 19:43 | Create | Archer |
| 20:01 | Create | Villager (Male) |
| 20:02 | Create | Archer |
| 20:09 | Build | Farm |
| 20:18 | Build | Farm |
| 20:24 | Create | Villager (Male) |
| 20:46 | Create | Scout Cavalry |
| 20:48 | Create | Archer |
| 20:48 | Create | Archer |
| 20:50 | Create | Villager (Male) |
| 21:13 | Build | Lumber Camp |
| 21:28 | Research | Castle Age |
| 21:28 | Research | Castle Age |
| 21:28 | Research | Castle Age |
| 21:30 | Create | Archer |
| 21:30 | Create | Archer |
| 21:30 | Create | Archer |
| 21:55 | Build | Mining Camp |
| 22:03 | Create | Scout Cavalry |
| 22:07 | Build | Palisade Wall |
| 22:32 | Create | Villager (Male) |
| 22:39 | Create | Archer |
| 22:39 | Create | Archer |
Match timeline
| 4:20 | Fs.Jubileu · first_building Barracks |
| 7:39 | wisenatic · first_building Barracks |
| 8:26 | Fs.Jubileu · age_up feudal |
| 8:34 | Fs.Jubileu · first_building Archery Range |
| 8:47 | wisenatic · age_up feudal |
| 8:52 | wisenatic · wall_segment Palisade Wall x1 |
| 8:53 | wisenatic · wall_segment Palisade Wall x1 |
| 8:55 | wisenatic · wall_segment Palisade Wall x1 |
| 9:23 | wisenatic · first_building Archery Range |
| 9:41 | wisenatic · wall_segment Palisade Wall x5 |
| 9:47 | wisenatic · wall_segment Palisade Wall x1 |
| 9:49 | wisenatic · wall_segment Palisade Wall x1 |
| 9:55 | wisenatic · wall_segment Palisade Wall x1 |
| 10:05 | wisenatic · wall_segment Palisade Wall x1 |
| 10:07 | wisenatic · wall_segment Palisade Wall x1 |
| 10:11 | wisenatic · wall_segment Palisade Wall x1 |
| 10:12 | wisenatic · wall_segment Palisade Wall x1 |
| 10:17 | wisenatic · wall_segment Palisade Wall x2 |
| 10:27 | Fs.Jubileu · wall_segment Palisade Wall x1 |
| 10:27 | Fs.Jubileu · wall_segment Palisade Wall x1 |
| 10:28 | Fs.Jubileu · wall_segment Palisade Wall x1 |
| 10:29 | Fs.Jubileu · wall_segment Palisade Wall x1 |
| 11:02 | wisenatic · wall_segment Palisade Wall x1 |
| 11:06 | wisenatic · wall_segment Palisade Wall x1 |
| 11:48 | Fs.Jubileu · wall_segment Palisade Wall x5 |
| 13:22 | wisenatic · first_market_sell 500 stone |
| 13:23 | wisenatic · first_market_buy 100 food |
| 13:24 | Fs.Jubileu · wall_segment Palisade Wall x32 |
| 13:54 | Fs.Jubileu · wall_segment Palisade Wall x6 |
| 14:49 | wisenatic · wall_segment Palisade Wall x1 |
| 17:15 | Fs.Jubileu · wall_segment Palisade Wall x1 |
| 17:15 | Fs.Jubileu · wall_segment Palisade Wall x1 |
| 17:16 | Fs.Jubileu · wall_segment Palisade Wall x1 |
| 17:16 | Fs.Jubileu · wall_segment Palisade Wall x1 |
| 18:21 | Fs.Jubileu · first_building Stable |
| 18:56 | Fs.Jubileu · wall_segment Palisade Wall x5 |
| 19:33 | wisenatic · first_building Stable |
| 21:37 | Fs.Jubileu · wall_segment Palisade Wall x1 |
| 21:38 | Fs.Jubileu · wall_segment Palisade Wall x1 |
| 21:38 | Fs.Jubileu · wall_segment Palisade Wall x1 |
| 21:38 | Fs.Jubileu · wall_segment Palisade Wall x1 |
| 22:07 | wisenatic · wall_segment Palisade Wall x1 |
| 24:08 | wisenatic · age_up castle |
| 25:28 | Fs.Jubileu · resign |
[ AI ANALYSIS · 1 CREDIT ]
What really happened in this match?
Wolo.gg analyzes every decision: build order, eco, micro, common mistakes by bracket. Personalized analysis on WhatsApp or Discord in 30 seconds.
Civ guide
Mongols
Perfil
Jugador #1175237